 Dungeon Crawl Stone Soup version 0.15.0-18-g9076a4f (console) character file.

13433 jw the Basher (level 11, 102/102 HPs)
             Began as a Minotaur Berserker on Sept 6, 2014.
             Was an Elder of Trog.
             Quit the game on Level 11 of the Dungeon on Sept 7, 2014.
             The game lasted 00:22:38 (17811 turns).

jw the Basher (Minotaur Berserker)                 Turns: 17811, Time: 00:22:38

HP 102/102       AC 23     Str 22      XL: 11   Next: 75%
MP   3/3         EV  7     Int  4      God: Trog [****..]
Gold 0           SH  0     Dex 13      Spells:  0 memorised, 10 levels left

rFire  . . .     SeeInvis +     o - +7 morningstar of Theory {flame, rPois}
rCold  . . .     Clarity  +     u - +0 plate armour
rNeg   . . .     rCorr    .     (no shield)
rPois  +         rRot     .     p - +2 hat (curse)
rElec  .         Spirit   .     m - +0 cloak
SustAb .         Warding  .     (no gloves)
rMut   .         Stasis   .     t - +0 pair of boots
Gourm  .                        l - amulet of clarity
MR     .....                    a - ring of see invisible
                                g - +4 ring of protection

@: not resistant to hostile enchantments, extremely unstealthy
A: retaliatory headbutt, horns 2, low mp 1, wild magic 1
a: Burn Spellbooks, Berserk, Trog's Hand, Brothers in Arms, Renounce Religion


You were on level 11 of the Dungeon.
You worshipped Trog.
Trog was greatly pleased with you.
You were not hungry.

You visited 1 branch of the dungeon, and saw 12 of its levels.

Inventory:

Hand weapons
 o - the +7 morningstar of Theory (weapon) {flame, rPois}
   (You found it on level 10 of the Dungeon)

   It emits flame when wielded, causing extra injury to most foes and up to
   double damage against particularly susceptible opponents.
   It protects you from poison.
Missiles
 b - 4 tomahawks
 e - 4 tomahawks of returning
 j - 318 stones (quivered)
 v - 2 silver tomahawks
Armour
 m - a +0 cloak (worn)
 p - a cursed +2 hat (worn)
 t - a +0 pair of boots (worn)
 u - a +0 plate armour (worn)
Magical devices
 r - a wand of digging (4)
 s - a wand of draining (6)
 w - a wand of disintegration (5)
Comestibles
 c - 7 bread rations
 f - a slice of pizza
 i - 6 fruits
 n - 7 meat rations
 q - 2 beef jerkies
Scrolls
 d - 10 scrolls of identify
 h - 2 scrolls of remove curse
Jewellery
 a - a ring of see invisible (right hand)
 g - a +4 ring of protection (left hand)
 l - an amulet of clarity (around neck)
Potions
 k - a potion of agility
 z - a potion of curing


   Skills:
 + Level 11.1 Fighting
   Level 4.5(10.0) Axes
 * Level 13.4(13.6) Maces & Flails
 + Level 8.5 Throwing
 + Level 10.5 Armour
 - Level 2.1 Dodging


You had 10 spell levels left.
You didn't know any spells.

Dungeon Overview and Level Annotations

Branches:
Dungeon (12/15)            Temple (0/1) D:6             Orc (0/4) D:9
   Lair (0/8) D:11

Altars:
Ashenzari
Cheibriados
Fedhas
Makhleb
Nemelex Xobeh
Okawaru
Sif Muna
Vehumet
Yredelemnul

Shops:
D:7 (   D:8 (

Annotations:
D:2 exclusion: downstairs
D:3 exclusion: downstairs


Innate Abilities, Weirdness & Mutations

You reflexively headbutt those who attack you in melee.
You have a pair of horns on your head.
Your magical capacity is low (-10% MP).
Your spells are a little harder to cast, but a little more powerful.


Message History

What level of the Lair of Beasts? (default 1, ? - help) Sorry, I don't know how to get there.
Making a random move Search for what [Enter for "glowing drain", or ? for help]? glowing drain Can't find anything matching that.
Making a random move Done exploring.
(D) Dungeon (T) Temple (O) Orcish Mines (L) Lair
Where to? (Enter - Lair:1, ? - help)
What level of the Lair of Beasts? (default 1, ? - help) Sorry, I don't know how to get there.
(D) Dungeon (T) Temple (O) Orcish Mines (L) Lair
Where to? (Enter - Lair:1, ? - help)
What level of the Lair of Beasts? (default 1, ? - help) Sorry, I don't know how to get there.
Unknown command.
Unknown command.
Unknown command.
Unknown command.
Are you sure you want to abandon this character and quit the game? (Confirm with "yes".)

#.# #.#### #.# #....#
###.#######.#
.......## #.#
###....<# #.# ####..#
#.# #..# #.# #..#
#.###############
#..#
#.....H.........#
#..#
#.#############.#####
#..#
#.#####.............#
#..#
#....#######....###.#
#..#
#...#.......#...# #.#
#..#
##....#...#.....# #.#
#..# #...##...##....#
#.# #..#
#.#...PPP...#..# #.#
######..#
#.#..PP>PP..#..# #.#


There were no monsters in sight!

Table legend:
 A = Turns spent in this place as a percentage of turns spent in the entire game.
 B = Non-inter-level travel turns spent in this place as a percentage of non-inter-level travel turns spent in the entire game.
 C = Inter-level travel turns spent in this place as a percentage of turns spent in this place.
 D = Turns resting spent in this place as a percentage of non-inter-level travel turns spent in this place.
 E = Turns spent auto-exploring this place as a percentage of non-inter-level travel turns spent in this place.
 F = Non-inter-level travel turns spent in this place divided by the number of levels of this place that you've seen.
                   A       B       C       D       E      F
               +-------+-------+-------+-------+-------+----------------------
         Total | 100.0 | 100.0 |  19.2 |   2.9 |  20.3 | 743.1
       Dungeon | 100.0 | 100.0 |  19.2 |   2.9 |  20.3 | 743.1
               +-------+-------+-------+-------+-------+----------------------

Table legend:
 A = Kills in this place as a percentage of kills in entire the game.
 B = Kills by you in this place as a percentage of kills by you in the entire game.
 C = Kills by friends in this place as a percentage of kills by friends in the entire game.
 D = Other kills in this place as a percentage of other kills in the entire game.
 E = Experience gained in this place as a percentage of experience gained in the entire game.
 F = Experience gained in this place divided by the number of levels of this place that you have seen.
                   A       B       C       D       E      F
               +-------+-------+-------+-------+-------+----------------------
         Total | 100.0 | 100.0 | 100.0 |  -nan | 100.0 | 1599.2
       Dungeon | 100.0 | 100.0 | 100.0 |  -nan | 100.0 | 1599.2
               +-------+-------+-------+-------+-------+----------------------

Vanquished Creatures
  Erolcha (D:10)
  A hill giant (D:11)
  An oklob plant (D:11)
  4 ugly things
  A cyclops (D:11)
  Maurice (D:9)
  A gargoyle (D:11)
  A kobold demonologist (D:11)
  2 trolls (D:9)
  A two-headed ogre (D:12)
  A trapdoor spider (D:10)
  5 slime creatures (D:12)
  A steam dragon (D:9)
  2 wyverns
  A deep elf mage (D:9)
  The ghost of gw the Skirmisher, an average DsFi (D:4)
  A hungry ghost (D:7)
  Grum (D:9)
  7 yaks
  A mottled dragon (D:12)
  4 wolves (D:9)
  The ghost of Phlounder the Ruinous, an average GrWz (D:3)
  An orc warrior (D:11)
  An ice beast (D:8)
  A black bear (D:11)
  A centaur (D:5)
  3 sky beasts
  A necrophage (D:8)
  A yellow wasp (D:11)
  3 ogres
  Duvessa (D:5)
  12 big kobolds
  4 giant frogs
  2 gnoll sergeants
  3 scorpions
  3 wights (D:11)
  A cyclops skeleton (D:10)
  An eye of draining (D:9)
  8 killer bees
  A hippogriff zombie (D:8)
  A centaur zombie (D:9)
  A crimson imp (D:7)
  A yellow wasp zombie (D:10)
  Dowan (D:5)
  7 hounds
  A goliath beetle (D:6)
  A quasit (D:7)
  5 jellies
  A black bear skeleton (D:8)
  5 orc priests
  A giant frog skeleton (D:11)
  An iguana (D:7)
  12 orc wizards
  9 worker ants
  2 ogre zombies
  An ogre skeleton (D:8)
  A hound zombie (D:11)
  A mummy (D:11)
  14 adders
  8 gnolls
  2 shadow imps
  2 giant mites
  2 worms
  3 giant geckos
  An ooze (D:4)
  37 orcs
  14 bats
  2 bat skeletons
  6 giant cockroaches
  22 hobgoblins
  11 jackals
  70 kobolds
  5 quokkas
  A ball python (D:3)
  A giant gecko skeleton (D:4)
  8 giant newts
  3 giant spores
  16 goblins
  A hobgoblin skeleton (D:5)
  A kobold skeleton (D:6)
  A quokka skeleton (D:4)
  13 rats
  A rat zombie (D:7)
  8 ballistomycetes
393 creatures vanquished.

Vanquished Creatures (collateral kills)
  Psyche (D:11)
  2 big kobolds (D:9)
  A killer bee (D:7)
4 creatures vanquished.

Vanquished Creatures (others)
  3 ogres
  2 giant spores (D:7)
5 creatures vanquished.

Grand Total: 402 creatures vanquished

Notes
Turn   | Place    | Note
--------------------------------------------------------------
     0 | D:1      | jw, the Minotaur Berserker, began the quest for the Orb.
     0 | D:1      | Reached XP level 1. HP: 19/19 MP: 1/1
   302 | D:1      | Reached XP level 2. HP: 27/27 MP: 1/1
   392 | D:1      | Reached skill level 1 in Throwing
   785 | D:1      | Acquired Trog's second power
   791 | D:1      | Reached skill level 4 in Fighting
   861 | D:2      | Reached XP level 3. HP: 33/33 MP: 2/2
  1654 | D:2      | Reached XP level 4. HP: 40/40 MP: 2/2
  2104 | D:3      | Noticed Phlounder's ghost (average GrWz)
  2686 | D:3      | Killed Phlounder's ghost
  2686 | D:3      | Reached skill level 5 in Fighting
  2686 | D:3      | Reached XP level 5. HP: 48/48 MP: 2/2
  3340 | D:4      | Found an iron altar of Okawaru.
  3355 | D:4      | Noticed gw's ghost (average DsFi)
  3455 | D:4      | Noticed an ogre
  3506 | D:4      | Killed an ogre
  3506 | D:4      | Reached XP level 6. HP: 56/56 MP: 3/3
  3621 | D:4      | Killed gw's ghost
  4053 | D:4      | Reached XP level 7. HP: 57/61 MP: 3/3
  4152 | D:4      | Reached skill level 5 in Armour
  4328 | D:5      | Entered Level 5 of the Dungeon
  4646 | D:5      | Reached skill level 6 in Fighting
  4675 | D:5      | Noticed Dowan
  4685 | D:5      | Noticed Duvessa
  4685 | D:5      | Killed Dowan
  4685 | D:5      | Reached skill level 5 in Maces & Flails
  4691 | D:5      | Killed Duvessa
  4789 | D:5      | Found a sparkling altar of Nemelex Xobeh.
  5492 | D:6      | Found a burning altar of Makhleb.
  5903 | D:6      | Reached XP level 8. HP: 59/71 MP: 3/3
  6011 | D:6      | Acquired Trog's third power
  6036 | D:6      | Found a staircase to the Ecumenical Temple.
  6367 | D:6      | Found a deep blue altar of Sif Muna.
  6949 | D:6      | Found a snail-covered altar of Cheibriados.
  6961 | D:6      | Found a radiant altar of Vehumet.
  7286 | D:6      | Found a shattered altar of Ashenzari.
  7309 | D:6      | Found a basalt altar of Yredelemnul.
  7359 | D:7      | Reached skill level 7 in Fighting
  8664 | D:7      | Found Wigit's Antique Weapon Shop.
  8764 | D:7      | Reached skill level 8 in Maces & Flails
  8764 | D:7      | Reached skill level 5 in Throwing
  8764 | D:7      | Reached XP level 9. HP: 80/80 MP: 4/4
  9737 | D:8      | Reached skill level 9 in Maces & Flails
 10034 | D:8      | Found Gaynera's Antique Weapon Shoppe.
 10745 | D:9      | Noticed Grum
 10746 | D:9      | Noticed Maurice
 10757 | D:9      | Reached skill level 10 in Maces & Flails
 10760 | D:9      | Killed Grum
 10769 | D:9      | Killed Maurice
 10769 | D:9      | Reached XP level 10. HP: 91/91 MP: 4/4
 11592 | D:9      | Reached skill level 11 in Maces & Flails
 11878 | D:9      | Found a blossoming altar of Fedhas.
 12004 | D:9      | Found a staircase to the Orcish Mines.
 12432 | D:10     | Entered Level 10 of the Dungeon
 12642 | D:10     | Noticed Erolcha
 12650 | D:10     | Killed Erolcha
 12927 | D:10     | Got an encrusted morningstar
 12928 | D:10     | Identified the +7 morningstar of Theory {flame, rPois} (You found it on level 10 of the Dungeon)
 13036 | D:10     | Received a gift from Trog
 13496 | D:10     | Gained mutation: Your spells are a little harder to cast, but a little more powerful. [potion of mutation]
 13496 | D:10     | Gained mutation: Your magical capacity is low (-10% MP). [potion of mutation]
 13580 | D:11     | Found a staircase to the Lair.
 13580 | D:11     | Noticed an oklob plant
 13580 | D:11     | Noticed Psyche
 13750 | D:11     | Noticed a cyclops
 13758 | D:11     | Killed Psyche
 13759 | D:11     | Killed a cyclops
 13759 | D:11     | Reached skill level 10 in Fighting
 13892 | D:11     | Killed an oklob plant
 13892 | D:11     | Reached skill level 12 in Maces & Flails
 13892 | D:11     | Reached XP level 11. HP: 74/99 MP: 3/3
 14178 | D:11     | Noticed a hill giant
 14182 | D:11     | Killed a hill giant
 14431 | D:11     | Noticed a purple ugly thing
 14439 | D:11     | Killed a purple ugly thing
 15087 | D:8      | Reached skill level 10 in Armour
 16335 | D:12     | Reached skill level 13 in Maces & Flails
 16692 | D:12     | Received a gift from Trog
 17811 | D:11     | Quit the game

Action                   |  1- 3 |  4- 6 |  7- 9 | 10-12 || total
-------------------------+-------+-------+-------+-------++-------
Melee: Hand axe          |   107 |    14 |       |       ||   121
       Mace              |       |    39 |       |       ||    39
       Flail             |       |    78 |   379 |   178 ||   635
       Morningstar       |       |       |       |   174 ||   174
Throw: Stone             |    64 |    94 |   316 |   163 ||   637
Invok: Trog's Hand       |       |     8 |     3 |     5 ||    16
       Berserk           |       |     1 |     7 |     7 ||    15
       Brothers in Arms  |       |       |     3 |     6 ||     9
Evoke: Wand              |       |       |     2 |     3 ||     5
  Use: Scroll            |     5 |     4 |     8 |     2 ||    19
       Potion            |       |     7 |     3 |     4 ||    14
 Stab: Fleeing           |       |       |       |     1 ||     1
  Eat: Chunk             |     2 |    10 |    16 |    25 ||    53
       Bread ration      |       |       |     3 |     2 ||     5

Vault maps used:
D:1:      dpeg_arrival_three_same_balls, lexackson_kobold_supper
D:4:      lemuel_round_altar, first_bread
D:5:      lemuel_round_altar, uniq_duvessa
D:6:      nicolae_overflow_quartered_altars, lemuel_doored_altar, led_sif_book,
          temple_fountains, supply_closet_lemuel
D:7:      serial_shops, shop
D:8:      serial_shops, nicolae_shop_trees
D:9:      fedhas_altar_1, orc_0_dummy, special_room, uniq_grum, uniq_maurice
D:10:     uniq_erolcha
D:11:     dpeg_oklobed_lair, uniq_psyche
